 Dungeon Crawl Stone Soup version 0.30-a0-779-g7971cf19c3 (webtiles) character file.

Game seed: 14421177590534275216

116 theswoord the Shooter (level 5, -1/45 HPs)
             Began as a Naga Hunter on Feb 17, 2023.
             Slain by a gnoll
             ... wielding a +0 spear
              (3 damage)
             ... on level 3 of the Dungeon.
             The game lasted 00:01:59 (2093 turns).

theswoord the Shooter (Naga Hunter)                 Turns: 2093, Time: 00:02:00

Health: -1/45      AC:  3    Str: 15    XL:     5   Next: 0%
Magic:  5/5        EV: 10    Int:  9    God:
Gold:   194        SH:  0    Dex: 21    Spells: 4/4 levels left

rFire   . . .      SeeInvis +    a - +0 shortbow (freeze)
rCold   . . .      Faith    .    (shield currently unavailable)
rNeg    . . .      Spirit   .    c - +0 leather armour
rPois   +          Reflect  .    (no helmet)
rElec   .          Harm     .    (no cloak)
rCorr   .          Rampage  .    (no gloves)
Will    .....                    (no barding)
Stlth   ++                       (no amulet)
HPRegen 0.27/turn                f - +6 ring of dexterity
MPRegen 0.09/turn                (no ring)

@: very slow
A: AC +1, large, see invisible, deformed body, poison resistance, slowness 2,
spit poison 1, naga tail 1
a: Spit Poison


You were on level 3 of the Dungeon.
You visited 1 branch of the dungeon, and saw 3 of its levels.

You collected 194 gold pieces.

Inventory:

Hand Weapons
 a - a +0 shortbow of freezing (weapon)
Armour
 c - a +0 leather armour (worn)
Jewellery
 f - a +6 ring of dexterity (left hand)
Scrolls
 b - 2 scrolls of immolation
 i - a scroll of silence {unknown}
Potions
 d - a potion of cancellation {unknown}
 e - 2 potions of curing
 h - a potion of heal wounds {unknown}


   Skills:
 - Level 2.0 Fighting
 + Level 5.6 Ranged Weapons
 - Level 1.5 Dodging
 - Level 1.5 Stealth


You had 4 spell levels left.
You didn't know any spells.
Your spell library was empty.

Dungeon Overview and Level Annotations

Branches:
Dungeon (3/15)

Altars:


Innate Abilities, Weirdness & Mutations

Your serpentine skin is tough. (AC +1)
You have supernaturally acute eyesight. (SInv)
Armour fits poorly on your strangely shaped body.
Your system is resistant to poisons. (rPois)
You cover ground very slowly.
You can spit poison.
You have a snake-like lower body.


Message History

Okay, then.
Your adder closely misses the orc.
The gnoll hits your goblin with a +0 spear!
Your goblin dies!
Your goblin's corpse dissolves into shadows!
The orc closely misses your adder.
Your adder closely misses the orc.
The gnoll closely misses your adder.
Your adder bites the orc but does no damage.
You shoot an arrow. The arrow barely misses the orc.
A gnoll comes into view. It is wielding a +0 spear.
The gnoll hits your adder with a +0 spear.
Your adder bites the orc.
The orc misses your adder.
You shoot an arrow. The arrow barely misses the orc.
The arrow closely misses the orc.
The arrow hits the gnoll!
The arrow freezes the gnoll.
Your adder bites the orc.
Your adder closely misses the orc.
The orc hits your adder with a +0 club.
You shoot an arrow.
The arrow hits the orc but does no damage.
Your adder barely misses the gnoll.
The orc closely misses your adder.
Your adder closely misses the gnoll.
You shoot an arrow. The arrow hits the orc.
The arrow freezes the orc.
The orc hits you with a +0 hand axe!
* * * LOW HITPOINT WARNING * * *
You shoot an arrow. The arrow barely misses the orc.
The arrow hits the gnoll but does no damage.
The orc hits you with a +0 mace.
* * * LOW HITPOINT WARNING * * *
The orc barely misses you.
The gnoll hits you from afar with a +0 spear.
* * * LOW HITPOINT WARNING * * *
Your adder misses the gnoll. You shoot an arrow. The arrow hits the orc!
The arrow freezes the orc.
You kill the orc!
The orc hits you with a +0 mace.
* * * LOW HITPOINT WARNING * * *
The orc closely misses your adder.
The gnoll hits you from afar with a +0 spear!
* * * LOW HITPOINT WARNING * * *
The gnoll hits you from afar with a +0 spear.
You die...

... #####...........# ..
..#†##....#.........#
#.###.#.##............#.#
...............#####.#.# #.
#.#.......†.# #.#.#
#.##...###.....# #...#
#...o..#############...(
.o###).#..o...#####.........
...o)...oSg)@..(.....####....
..####.)..g....####### ##....
#####.##### #..... #.# #.....
#.# #..... #.# #..... ###
#..... #..... #.....


You could see 2 gnolls, 3 orcs and a friendly adder (summoned).

Vanquished Creatures
  A gnoll (D:3)
  4 adders
  A worm (D:2)
  2 dart slugs (D:1)
  4 orcs (D:3)
  7 ball pythons
  5 bats
  5 endoplasms
  2 giant cockroaches
  4 goblins (D:2)
  A hobgoblin (D:2)
  3 quokkas
  3 frilled lizards
  5 kobolds
  3 rats
50 creatures vanquished.

Vanquished Creatures (collateral kills)
  A gnoll (D:3)
1 creature vanquished.

Grand Total: 51 creatures vanquished

Notes
Turn   | Place    | Note
-------+----------+-------------------------------------------
     0 | D:1      | theswoord the Naga Hunter began the quest for the Orb.
     0 | D:1      | Reached XP level 1. HP: 19/19 MP: 1/1
   132 | D:1      | Reached skill level 4 in Ranged Weapons
   132 | D:1      | Reached XP level 2. HP: 26/26 MP: 2/2
   528 | D:1      | Found a faded altar of an unknown god.
  1072 | D:2      | Reached XP level 3. HP: 32/32 MP: 3/3
  1225 | D:2      | Reached skill level 5 in Ranged Weapons
  1225 | D:2      | Reached XP level 4. HP: 39/39 MP: 4/4
  2086 | D:3      | Reached XP level 5. HP: 25/45 MP: 5/5
  2093 | D:3      | HP: 2/45 [gnoll/+0 spear (7)]
  2093 | D:3      | Slain by a gnoll

Skill      XL: |  1  2  3 |
---------------+----------+-----
Ranged Weapons | 4 5 |  5.6
Fighting       | |  2.0
Dodging        | |  1.5
Stealth        | |  1.5

Action                     |  1- 3 |  4- 6 || total
---------------------------+-------+-------++-------
   Fire: Shortbow          |    62 |    60 ||   122
    Use: Scroll            |     3 |     2 ||     5
 Armour: Leather armour    |     4 |     4 ||     8
  Dodge: Dodged            |     7 |    13 ||    20

Levels and vault maps discovered:
D:1:      dpeg_arrival_signposts, layout_basic,
          dreamdust_ecumenical_altar_angels_and_demons, st_stairs_3
D:2:      layout_basic
D:3:      layout_rooms, chequers_serial_rivers_room_a
